 Dungeon Crawl Stone Soup version 0.23.2-1-ga50397a6bc (webtiles) character file.

Game seed: 14334577334536472792

1892 MisterOstroum the Carver (level 8, 0/63 HPs)
             Began as a Demonspawn Gladiator on Apr 18, 2019.
             Was a Believer of Okawaru.
             Slain by an orc warrior
             ... wielding a +0 war axe
              (13 damage)
             ... on level 8 of the Dungeon.
             The game lasted 00:24:25 (4845 turns).

MisterOstroum the Carver (Demonspawn Gladiator)     Turns: 4845, Time: 00:24:26

Health: 0/63       AC:  5    Str: 17    XL:     8   Next: 93%
Magic:  0/8        EV: 15    Int:  9    God:    Okawaru [**....]
Gold:   464        SH:  0    Dex: 17    Spells: 7/7 levels left

rFire    . . .     SeeInvis .   a - +0 long sword
rCold    . . .     Gourm    .   (no shield)
rNeg     . . .     Faith    .   b - +0 leather armour
rPois    +         Spirit   +   c - +0 helmet
rElec    .         Reflect  .   w - +0 cloak
rCorr    .         Harm     .   (no gloves)
MR       .....                  (no boots)
Stlth    +.........             (no amulet)
HPRegen  0.20/turn              F - +2 ring of strength
MPRegen  0.22/turn              L - ring of poison resistance (curse)

@: no status effects
A: talons 1, spiny 2, magic shield, magic regeneration
a: Heroism, Renounce Religion


You were on level 8 of the Dungeon.
You worshipped Okawaru.
Okawaru was pleased with you.
You were not hungry.

You visited 2 branches of the dungeon, and saw 9 of its levels.

You collected 464 gold pieces.

Inventory:

Hand Weapons
 a - a +0 long sword (weapon)
Missiles
 d - 3 throwing nets
 h - 110 stones (quivered)
 k - 36 sling bullets
 B - 51 poisoned needles
 G - 3 tomahawks
Armour
 b - a +0 leather armour (worn)
 c - a +0 helmet (worn)
 l - a +0 cloak
 w - a +0 cloak (worn)
 A - a +1 ring mail of magic resistance
 C - a +0 ring mail
Jewellery
 g - an uncursed ring of flight
 t - a +3 ring of dexterity
 D - an uncursed ring of protection from fire
 E - an uncursed ring of stealth
 F - a +2 ring of strength (left hand)
 L - a cursed ring of poison resistance (right hand)
Wands
 H - a wand of paralysis (5)
Scrolls
 m - 2 scrolls of enchant weapon {unknown}
 n - 3 scrolls of teleportation {unknown}
 o - 4 scrolls of immolation {unknown}
 u - 8 scrolls of remove curse
 x - 3 scrolls of identify
 y - a scroll of enchant armour {unknown}
 I - a scroll of amnesia {unknown}
Potions
 e - 2 potions of heal wounds {unknown}
 i - 4 potions of haste
 j - 2 potions of resistance {unknown}
 p - a potion of brilliance {unknown}
 q - 2 potions of ambrosia {unknown}
 r - a potion of mutation
 s - a potion of curing
 v - 2 potions of might
 z - 2 potions of agility {unknown}
 K - 2 potions of lignification {unknown}
Comestibles
 f - 14 rations
 J - 6 chunks of flesh


   Skills:
 + Level 5.5 Fighting
 * Level 8.2 Long Blades
 + Level 3.7 Throwing
 - Level 5.0 Dodging


You had 7 spell levels left.
You didn't know any spells.
Your spell library contained the following spells:

 Spells                   Type           Power        Failure   Level  Hunger
 Animate Skeleton         Necr           N/A          45%         1    ##.....
 Apportation              Tloc           #.....       45%         1    ##.....
 Confusing Touch          Hex            #.....       45%         1    ##.....
 Summon Small Mammal      Summ           #...         45%         1    ##.....


Dungeon Overview and Level Annotations

Branches:
Dungeon (8/15)             Temple (1/1) D:6
   Lair: D:8-11

Altars:
Ashenzari
Cheibriados
Dithmenos
Fedhas
Gozag
Hepliaklqana
Kikubaaqudgha
Makhleb
Nemelex Xobeh
Okawaru
Ru
Sif Muna
Trog
Uskayaw
Vehumet
Wu Jian
Xom
Yredelemnul
Zin
The Shining One

Shops:
D:5 ?

Annotations:
D:4 3 runed translucent doors, lenfi's ghost, amateur HuFi


Innate Abilities, Weirdness & Mutations

You have sharp toenails.
You are mostly covered in sharp spines.
When hurt, damage is shared between your health and your magic reserves.
You regenerate magic rapidly.


Message History

* * * LOW HITPOINT WARNING * * *
You climb downwards.
Found a scroll labeled OCLODD VOONIPN and a war axe.
There is a stone staircase leading up here.
You feel better. The orc is struck by your spines. The orc barely misses you.
You riposte.
You hit the orc.
You kill the orc!
Okawaru accepts your kill. The jelly hits you but does no damage.
The orc warrior hits you with a +0 war axe.
* * * LOW HITPOINT WARNING * * *
You slash the jelly!
Your hands burn!
* * * LOW HITPOINT WARNING * * *
You claw the jelly.
You kill the jelly!
Okawaru accepts your kill.
You hit the orc warrior. You claw the orc warrior.
The orc warrior is moderately wounded.
The orc warrior hits you with a +0 war axe!
You die...

.⌠) .....
... .....
#.##.....
.........
#...?....
#........
#o.......
#@)......
##.......
#######


You could see an orc warrior.

Vanquished Creatures
  A sky beast (D:5)
  5 ogres
  A necrophage (D:6)
  2 centaurs (D:5)
  2 bullfrogs
  5 killer bees (D:7)
  3 crimson imps
  4 bullfrog skeletons
  A gnoll shaman (D:6)
  2 orc priests
  A jelly (D:8)
  4 orc wizards
  4 worker ants (D:4)
  A hound skeleton (D:6)
  A howler monkey zombie (D:6)
  A worker ant zombie (D:7)
  8 adders
  6 gnolls
  3 dart slugs
  4 leopard geckos
  24 orcs
  7 bats
  A giant cockroach (D:1)
  5 goblins
  4 hobgoblins
  7 jackals
  2 quokkas
  A ball python (D:3)
  3 frilled lizards (D:5)
  2 kobolds
  A quokka skeleton (D:4)
  8 rats
124 creatures vanquished.

Notes
Turn   | Place    | Note
-------+----------+-------------------------------------------
     0 | D:1      | MisterOstroum the Demonspawn Gladiator began the quest for
                  | the Orb.
     0 | D:1      | Reached XP level 1. HP: 16/16 MP: 1/1
   280 | D:1      | Reached skill level 3 in Long Blades
   280 | D:1      | Gained mutation: You have sharp toenails. [demonic
                  | ancestry]
   280 | D:1      | Reached XP level 2. HP: 23/23 MP: 2/2
  1173 | D:2      | Gained mutation: When hurt, damage is shared between your
                  | health and your magic reserves. [demonic ancestry]
  1173 | D:2      | Reached XP level 3. HP: 26/28 MP: 3/3
  1567 | D:3      | Gained mutation: You are partially covered in sharp spines.
                  | [demonic ancestry]
  1567 | D:3      | Reached XP level 4. HP: 7/35 MP: 0/4
  1861 | D:3      | Noticed a bullfrog
  1872 | D:3      | Killed a bullfrog
  1872 | D:3      | Reached skill level 4 in Long Blades
  1872 | D:3      | Gained mutation: You regenerate magic rapidly. [demonic
                  | ancestry]
  1872 | D:3      | Reached XP level 5. HP: 31/42 MP: 2/5
  2081 | D:3      | Noticed an ogre
  2093 | D:3      | Killed an ogre
  2287 | D:4      | Found a runed translucent gate.
  2287 | D:4      | Found a runed translucent gate.
  2291 | D:4      | Noticed lenfi's ghost (amateur HuFi)
  2292 | D:4      | Found a runed translucent gate.
  2358 | D:4      | Reached XP level 6. HP: 37/48 MP: 3/6
  2430 | D:4      | Found a shadowy altar of Dithmenos.
  2431 | D:4      | Found a blossoming altar of Fedhas.
  2567 | D:4      | Found a glowing silver altar of Zin.
  2655 | D:4      | Found an iron altar of Okawaru.
  2663 | D:4      | Became a worshipper of Warmaster Okawaru
  2857 | D:4      | Found a blossoming altar of Fedhas.
  2942 | D:5      | Entered Level 5 of the Dungeon
  2951 | D:4      | Reached skill level 5 in Long Blades
  3055 | D:5      | Found a radiant altar of Vehumet.
  3063 | D:5      | Reached * piety under Okawaru
  3063 | D:5      | Gained mutation: You are mostly covered in sharp spines.
                  | [demonic ancestry]
  3063 | D:5      | Reached XP level 7. HP: 37/54 MP: 5/7
  3197 | D:5      | Found a bloodstained altar of Trog.
  3251 | D:5      | Reached skill level 6 in Long Blades
  3352 | D:5      | Reached skill level 5 in Dodging
  3634 | D:4      | Reached XP level 8. HP: 58/60 MP: 8/8
  3745 | D:5      | Reached skill level 7 in Long Blades
  3766 | D:5      | Found Wong's Magic Scroll Emporium.
  4060 | D:6      | Found a burning altar of Makhleb.
  4063 | D:6      | Reached ** piety under Okawaru
  4479 | D:6      | Found a staircase to the Ecumenical Temple.
  4485 | Temple   | Entered the Ecumenical Temple
  4679 | D:7      | Reached skill level 5 in Fighting
  4732 | D:7      | Reached skill level 8 in Long Blades
  4845 | D:8      | Slain by an orc warrior

Skill      XL: |  1  2  3  4  5  6  7  8 |
---------------+-------------------------+-----
Long Blades    | 3 4 5 6 8 |  8.2
Fighting       | 3 4 5 |  5.5
Dodging        | 3 4 5 |  5.0
Throwing       | 2 3 |  3.7

Action                   |  1- 3 |  4- 6 |  7- 9 || total
-------------------------+-------+-------+-------++-------
Melee: Long sword        |    59 |    60 |   140 ||   259
       Kick              |    14 |    25 |    58 ||    97
       Rapier            |       |     5 |       ||     5
Throw: Throwing net      |     2 |       |       ||     2
       Stone             |     5 |    13 |    25 ||    43
Invok: Heroism           |       |       |     2 ||     2
  Use: Scroll            |     3 |     1 |     1 ||     5
       Potion            |       |       |     3 ||     3
 Stab: Sleeping          |     1 |     1 |       ||     2
  Eat: Chunk             |     2 |     5 |     6 ||    13
Armor: Leather armour    |    24 |     9 |    28 ||    61
Dodge: Dodged            |    43 |    55 |   100 ||   198
       Rpst.: Long sword |    12 |    16 |    31 ||    59
